 Dungeon Crawl Stone Soup version 0.32-a0-711-g016ad743e0 (webtiles) character file.

Game seed: 1887813420255345594

155 runemasterragnar the Chopper (level 5, 0/41 HPs)
             Began as a Coglin Gladiator on Mar 15, 2024.
             Slain by an orc wizard
             ... wielding a +3 dagger of protection
              (3 damage)
             ... on level 5 of the Dungeon.
             The game lasted 00:03:49 (2786 turns).

runemasterragnar the Chopper (Coglin Gladiator)     Turns: 2786, Time: 00:03:49

Health: 0/41       AC:  7    Str: 16    XL:     5   Next: 37%
Magic:  5/5        EV:  9    Int:  7    God:
Gold:   223        SH:  0    Dex: 16    Spells: 4/4 levels left

rFire   . . .        a - +0 war axe {Oma}
rCold   . . .        f - +0 dagger {Ankherfenedjef}
rNeg    . . .        o - +0 scale mail
rPois   .            c - +0 helmet
rElec   .            (no cloak)
rCorr   .            (no gloves)
SInv    .            (no boots)
Will    .....        (amulet unavailable) Stlth
                     (ring unavailable)
HPRegen 0.26/turn    (ring unavailable)
MPRegen 0.09/turn    (no gizmo)

%: no passive effects
@: revved
A: off-hand wielding, slow wielding, warmup strikes, no jewellery
a: Invent Gizmo


You were on level 5 of the Dungeon.
You visited 1 branch of the dungeon, and saw 5 of its levels.

You collected 223 gold pieces.

Inventory:

Hand Weapons
 a - a +0 war axe (weapon) {Oma}
 f - a +0 dagger (offhand) {Ankherfenedjef}
 s - a +1 dagger of speed
Missiles
 d - 3 throwing nets
 e - 9 javelins
 v - 7 poisoned darts (quivered)
Armour
 b - a +0 leather armour
 c - a +0 helmet (worn)
 g - a scarf of shadows
 n - a +0 helmet
 o - a +0 scale mail (worn)
Magical Staves
 t - a staff of earth
Scrolls
 i - a scroll of identify {unknown}
 j - 2 scrolls of teleportation {unknown}
 k - 2 scrolls of immolation {unknown}
 r - a scroll of poison {unknown}
 w - 3 scrolls of fog {unknown}
Potions
 h - 2 potions of curing {unknown}
 l - a potion of berserk rage {unknown}
 m - a potion of enlightenment {unknown}
 p - 2 potions of haste {unknown}
 q - a potion of magic {unknown}
 u - a potion of lignification {unknown}


   Skills:
 + Level 3.2 Fighting
 + Level 3.8 Axes
 + Level 2.8 Throwing
 + Level 2.0 Armour
 - Level 2.6 Dodging


You had 4 spell levels left.
You didn't know any spells.
Your spell library contained the following spells:

 Spells                   Type           Power      Damage    Failure   Level
 Magic Dart               Conj           0%         1d3       86%         1
 Mercury Vapours          Alch/Air       0%         N/A       95%         2
 Searing Ray              Conj           0%         2d4       95%         2
 Mephitic Cloud           Conj/Alch/Air  0%         N/A       99%         3
 Fulminant Prism          Conj/Alch      0%         3d5       100%        4
 Freezing Cloud           Conj/Ice/Air   0%         6-21      100%        5


Dungeon Overview and Level Annotations

Branches:
Dungeon (5/15)
 Temple: D:4-7

Altars:
Qazlal


Innate Abilities, Weirdness & Mutations

You can wield a second weapon in your off-hand.
It takes a long time for you to wield or remove held weapons.
Your first few attacks do less damage.
You cannot equip rings or amulets.


Message History

You miss something with your +0 dagger.
You miss something with your +0 war axe.
You hit the ufetubus with your +0 war axe.
The ufetubus hits you but does no damage.
The ufetubus hits you.
The ufetubus hits you but does no damage.
The ufetubus closely misses you. Something hits you but does no damage.
You miss something with your +0 war axe.
You hit the ufetubus but do no damage. You miss something with your +0 dagger.
The ufetubus closely misses you. The ufetubus barely misses you.
Something hits you but does no damage. The ufetubus slips past you!
The ufetubus hits you but does no damage. x2
Unknown command.
You miss something with your +0 war axe.
You miss the ufetubus with your +0 war axe.
You hit something but do no damage.
The ufetubus hits you but does no damage.
The ufetubus barely misses you. Something hits you but does no damage.
The ufetubus hits you. The ufetubus closely misses you.
You hit something but do no damage.
You closely miss something with your +0 war axe.
You barely miss the ufetubus with your +0 war axe.
You hear some strange, mumbled words.
A magic dart appears from out of thin air!
The magic dart hits you.
* * * LOW HITPOINT WARNING * * *
The ufetubus hits you.
* * * LOW HITPOINT WARNING * * *
The ufetubus hits you but does no damage.
You closely miss something with your +0 war axe.
You hit the ufetubus but do no damage.
You completely miss something with your +0 dagger.
The ufetubus closely misses you. The ufetubus barely misses you.
You hear some strange, mumbled words.
A puff of flame appears from out of thin air!
The puff of flame hits you.
* * * LOW HITPOINT WARNING * * *
The ufetubus hits you but does no damage. x2
Something hits you.
You die...

##> #.## ....
#..###..## ....##
#...<....# ......
##.......## ..
.....$##...##....###..
..............#.#....
........#....##....#...
......))......#...#....
...#.{@.....###..#...≈
......5†..........#....
......................≈
.....#.............#..
........#........#.#
........#........# .#
.....^...........# .
........<.......##
..............##


You could see an ufetubus.

Vanquished Creatures
  A bombardier beetle (D:4)
  An orc wizard (D:4)
  3 adders
  An ufetubus (D:5)
  A ribbon worm (D:2)
  2 dart slugs
  6 orcs
  2 bats
  2 endoplasms
  A giant cockroach (D:4)
  9 goblins
  6 hobgoblins
  3 kobolds
  5 quokkas
  3 ball pythons
  A frilled lizard (D:3)
  2 rats
49 creatures vanquished.

Notes
Turn   | Place    | Note
-------+----------+-------------------------------------------
     0 | D:1      | runemasterragnar the Coglin Gladiator began the quest for
                  | the Orb.
     0 | D:1      | Reached XP level 1. HP: 16/16 MP: 1/1
   230 | D:1      | Reached XP level 2. HP: 21/22 MP: 2/2
   884 | D:2      | Found a stormy altar of Qazlal.
   952 | D:2      | Reached skill level 1 in Armour
   952 | D:2      | Reached XP level 3. HP: 28/28 MP: 3/3
  1040 | D:2      | Found a faded altar of an unknown god.
  1692 | D:3      | Reached XP level 4. HP: 29/34 MP: 4/4
  2435 | D:4      | Reached XP level 5. HP: 34/41 MP: 5/5
  2746 | D:5      | Entered Level 5 of the Dungeon
  2786 | D:5      | Slain by an orc wizard

Illustrated notes

Levels and vault maps discovered:
D:1:      psy_arrival_whirlpool, layout_basic, minivault_14,
          serial_bayou_pond_a, dk_noncrumbling_4
D:2:      layout_loops_ring, ebering_ecumenical_altar_webs, basic_altar,
          minmay_domino_4
D:3:      layout_basic, minmay_crystal_room
D:4:      layout_rooms
D:5:      layout_cave_pools, dancing_weapons_uskayaw,
          nicolae_qazlal_general_emergency, minmay_misc_feat_roman, uniq_pikel

Skill      XL: |  1  2  3  4  5 |
---------------+----------------+-----
Throwing       | 2 |  2.8
Armour         | 1 2 |  2.0
Fighting       | 3 |  3.2
Axes           | |  3.8
Dodging        | |  2.6

Action                     |  1- 3 |  4- 6 || total
---------------------------+-------+-------++-------
  Melee: Dagger            |    74 |    38 ||   112
         War axe           |    70 |    43 ||   113
  Throw: Dart              |       |     2 ||     2
 Armour: Leather armour    |    23 |       ||    23
         Scale mail        |    16 |    56 ||    72
  Dodge: Dodged            |    49 |    26 ||    75

Table legend: (Time is in decaauts)
 A = Elapsed time spent in this place.
 B = Non-inter-level travel time spent in this place.
 C = Inter-level travel time spent in this place.
 D = Time resting spent in this place.
 E = Time spent auto-exploring this place.
 F = Levels seen in this place.
 G = Mean time per level.
                   A        B        C        D        E       F      G
               +--------+--------+--------+--------+--------+-----+--------+
         Total |   2808 |   2561 |    247 |      0 |   2204 |   5 |  561.6 |
       Dungeon |   2808 |   2561 |    247 |      0 |   2204 |   5 |  561.6 |
               +--------+--------+--------+--------+--------+-----+--------+

Top non-repeatable levels by time:
     D:1: 848 daAuts
     D:3: 801 daAuts
     D:2: 647 daAuts
     D:4: 468 daAuts
     D:5: 42 daAuts
